 Dungeon Crawl Stone Soup version 0.27-a0-1060-gcb85b5eba1 (webtiles) character file.

Game seed: 16831853333868093084

2867 Ijustatesigmund the Cleaver (level 9, -4/72 HPs)
             Began as a Demonspawn Fighter on Apr 21, 2021.
             Slain by a gnoll sergeant
             ... wielding a +7 rapier of venom
              (6 damage)
             ... in a bailey.
             The game lasted 00:12:51 (6087 turns).

Ijustatesigmund the Cleaver (Demonspawn Fighter)    Turns: 6087, Time: 00:12:51

Health: -4/72      AC: 11    Str: 17    XL:     9   Next: 47%
Magic:  9/9        EV: 13    Int:  9    God:
Gold:   845        SH: 13    Dex: 16    Spells: 8/8 levels left

rFire    + + .     SeeInvis .   a - +1 war axe
rCold    x . .     Faith    .   c - +0 kite shield
rNeg     . . .     Spirit   .   b - +0 fire dragon scales
rPois    .         Reflect  .   (no helmet)
rElec    .         Harm     .   l - +0 cloak
rCorr    .         Rampage  .   (no gloves)
Will     .....                  (no boots)
Stlth    +.........             k - amulet of regeneration
HPRegen  1.22/turn              w - +4 ring of evasion
MPRegen  0.11/turn              (no ring)

@: lethally poisoned (-4 -> -6)
A: hooves 1, spiny 1, sturdy frame 2, condensation shield
a: no special abilities


You were in a bailey.
You visited 1 branch of the dungeon, and saw 8 of its levels.
You also visited: Bailey.

You collected 949 gold pieces.
You spent 104 gold pieces at shops.

Inventory:

Hand Weapons
 a - a +1 war axe (weapon)
Missiles
 n - 9 throwing nets (quivered)
Armour
 b - +0 fire dragon scales (worn)
 c - a +0 kite shield (worn)
 l - a +0 cloak (worn)
Jewellery
 h - a ring of fire
 k - an amulet of regeneration (around neck)
 w - a +4 ring of evasion (left hand)
Wands
 u - a wand of iceblast (11)
 v - a wand of paralysis (7)
Scrolls
 d - a scroll of amnesia
 e - 2 scrolls of identify
 g - a scroll of vulnerability
 j - 2 scrolls of teleportation
 p - a scroll of blinking
 s - a scroll of fog
Potions
 f - 2 potions of brilliance
 i - 3 potions of curing
 m - a potion of haste


   Skills:
 + Level 7.2 Fighting
 * Level 8.8 Axes
 + Level 5.6 Armour
 - Level 3.1 Dodging
 - Level 2.6 Shields


You had 8 spell levels left.
You didn't know any spells.
Your spell library contained the following spells:

 Spells                   Type           Power      Damage    Failure   Level
 Corona                   Hex            0%         N/A       98%         1
 Ensorcelled Hibernation  Hex/Ice        0%         N/A       99%         2
 Slow                     Hex            0%         N/A       99%         2
 Confusing Touch          Hex            0%         N/A       100%        3
 Dazzling Flash           Conj/Hex       0%         N/A       100%        3
 Inner Flame              Hex/Fire       0%         N/A       100%        3
 Portal Projectile        Hex/Tloc       0%         N/A       100%        3
 Tukima's Dance           Hex            0%         N/A       100%        3
 Cause Fear               Hex            0%         N/A       100%        4
 Leda's Liquefaction      Hex/Erth       0%         N/A       100%        4
 Silence                  Hex/Air        0%         N/A       100%        5
 Yara's Violent Unravell  Hex/Tmut       0%         3d3       100%        5
 Discord                  Hex            0%         N/A       100%        8


Dungeon Overview and Level Annotations

Branches:
Dungeon (9/15)             Bailey (1/1)
 Temple: D:4-7         Lair: D:8-11         Orc: D:9-12

Altars:
Gozag

Shops:
D:2 *[


Innate Abilities, Weirdness & Mutations

You have large cloven feet.
You are partially covered in sharp spines.
Your movements are less encumbered by armour. (ER -4)
A meltable shield of frost defends you. (SH +4)


Message History

A gnoll sergeant comes into view. It is wielding a +0 glaive.
You barely miss the gnoll sergeant.
The gnoll sergeant is lightly wounded.
You feel very sick.
The gnoll sergeant shouts!
You block the gnoll sergeant's attack. The gnoll shaman closely misses you.
The gnoll sergeant hits you from afar with a +0 glaive.
You closely miss the gnoll sergeant.
You kick the gnoll sergeant, but do no damage.
The gnoll sergeant is lightly wounded.
You feel sick.
The gnoll sergeant hits you with a +7 rapier of venom.
The gnoll shaman hits you from afar with a +0 trident.
You block the gnoll sergeant's attack. x2
The gnoll shaman hits you from afar with a +0 trident.
You feel sick.
You feel sick.
You feel sick.
You slash the gnoll sergeant! Your kick misses the gnoll sergeant.
The gnoll sergeant is severely wounded.
You feel sick.
The gnoll shaman calls upon its god to speed up the gnoll sergeant.
The gnoll sergeant seems to speed up.
The gnoll sergeant hits you with a +7 rapier of venom!
You are more poisoned.
You closely miss the gnoll sergeant.
The gnoll sergeant is severely wounded.
You feel very sick.
The gnoll sergeant hits you from afar with a +0 glaive!
* * * LOW HITPOINT WARNING * * *
The gnoll sergeant closely misses you. x2
You hit the gnoll sergeant but do no damage.
You kick the gnoll sergeant, but do no damage.
The gnoll sergeant is severely wounded.
You feel very sick.
The gnoll sergeant hits you from afar with a +0 glaive!
* * * LOW HITPOINT WARNING * * *
You block the gnoll sergeant's attack.
The gnoll sergeant hits you with a +7 rapier of venom.
You die...

♣≈.# #...# #.≈♣
♣≈## #)))# ##≈♣ ♣≈
#.))# ≈♣ ♣≈#8..
##)## .gg8 ≈♣
♣≈#... ##...##....
≈♣
♣≈#...##.....##g.
≈♣
♣≈#...#.......#..
♣≈#...#...8...#'###
#...#....@g.#...#
#...##.....##...#
#...)##.gg##....# ♣
#8....##'##....8#
♣≈#.....#...#.....#
♣≈##....)..)g....##
♣≈.##...#...#...##
♣≈..#####...#####
♣≈...............


You could see 2 gnoll sergeants and a gnoll shaman.

Vanquished Creatures
  Maggie (D:6)
  A steam dragon (D:8)
  Menkaure (D:6)
  A water moccasin (D:5)
  2 ogres
  A sky beast (D:8)
  A black bear (D:5)
  A centaur (D:8)
  2 phantoms
  6 gnoll sergeants (Bailey)
  2 scorpions (D:5)
  3 killer bees (D:5)
  A water moccasin skeleton (D:5)
  A howler monkey (D:5)
  2 centaur skeletons (D:5)
  4 gnoll shamans (Bailey)
  A bullfrog skeleton (D:4)
  3 jellies (D:5)
  4 hounds
  3 iguanas
  An orc wizard (D:4)
  A scorpion zombie (D:5)
  A hound zombie (D:3)
  2 hound skeletons (D:3)
  A howler monkey zombie (D:5)
  18 gnolls
  8 adders
  3 ufetubi
  2 adder zombies
  An adder skeleton (D:5)
  2 worms
  A dart slug (D:4)
  5 orcs
  7 endoplasms
  3 giant cockroaches
  8 goblins
  9 hobgoblins
  2 jackals (D:1)
  6 kobolds
  2 quokkas (D:2)
  6 ball pythons
  A ball python skeleton (D:3)
  12 bats
  9 frilled lizards
  A quokka skeleton (D:3)
  8 rats
161 creatures vanquished.

Vanquished Creatures (others)
  3 fungi (D:8)
  3 plants
6 creatures vanquished.

Grand Total: 167 creatures vanquished

Notes
Turn   | Place    | Note
-------+----------+-------------------------------------------
     0 | D:1      | Ijustatesigmund the Demonspawn Fighter began the quest for
                  | the Orb.
     0 | D:1      | Reached XP level 1. HP: 18/18 MP: 1/1
    53 | D:1      | Reached skill level 2 in Axes
   123 | D:1      | Gained mutation: You are partially covered in sharp spines.
                  | [demonic ancestry]
   123 | D:1      | Reached XP level 2. HP: 10/24 MP: 2/2
   547 | D:1      | Reached skill level 1 in Dodging
   625 | D:1      | Gained mutation: Your movements are slightly less
                  | encumbered by armour. (ER -2) [demonic ancestry]
   625 | D:1      | Reached XP level 3. HP: 29/29 MP: 3/3
   796 | D:1      | Found a faded altar of an unknown god.
  1276 | D:2      | Found an opulent altar of Gozag.
  1353 | D:2      | Found Wuxoulup's Antique Armour Shoppe.
  1391 | D:2      | Reached skill level 3 in Axes
  1613 | D:2      | Found Gufaare's Assorted Antiques.
  1622 | D:2      | Bought a scroll labelled JOTAOCU KONOUD for 26 gold pieces
  1622 | D:2      | Bought a scroll labelled EMAOSE EMMA for 26 gold pieces
  1622 | D:2      | Bought a scroll labelled ITUPER IQUSKE for 26 gold pieces
  1622 | D:2      | Bought a scroll labelled KOKHLI ONNEKKOPP for 26 gold
                  | pieces
  1876 | D:3      | Gained mutation: You have large cloven feet. [demonic
                  | ancestry]
  1876 | D:3      | Reached XP level 4. HP: 35/35 MP: 4/4
  2120 | D:3      | Reached XP level 5. HP: 35/42 MP: 5/5
  2405 | D:4      | Noticed a phantom
  2418 | D:4      | Killed a phantom
  2419 | D:4      | Reached skill level 4 in Axes
  2582 | D:4      | Gained mutation: Your movements are less encumbered by
                  | armour. (ER -4) [demonic ancestry]
  2582 | D:4      | Reached XP level 6. HP: 48/48 MP: 6/6
  3010 | D:4      | Reached skill level 5 in Axes
  3244 | D:5      | Entered Level 5 of the Dungeon
  3282 | D:5      | Reached XP level 7. HP: 55/55 MP: 7/7
  3431 | D:5      | Reached skill level 5 in Fighting
  3451 | D:5      | Reached skill level 6 in Axes
  3747 | D:5      | Gained mutation: A meltable shield of frost defends you.
                  | (SH +4) [demonic ancestry]
  3747 | D:5      | Reached XP level 8. HP: 59/63 MP: 8/8
  4121 | D:5      | Reached skill level 7 in Axes
  4728 | D:6      | Noticed Menkaure
  4736 | D:6      | Killed Menkaure
  4996 | D:6      | Noticed Maggie
  5016 | D:6      | Killed Maggie
  5213 | D:6      | You fall into a shaft and drop 3 floors!
  5231 | D:8      | Reached XP level 9. HP: 50/71 MP: 9/9
  5234 | D:8      | Reached skill level 5 in Armour
  5252 | D:8      | Reached skill level 8 in Axes
  5430 | D:8      | Found a flagged portal.
  5440 | Bailey   | Entered a bailey
  6074 | Bailey   | Identified the ring of Pecsito {Fire rPois Str-4 Dex+4}
  6087 | Bailey   | HP: 2/72 [gnoll sergeant/+0 glaive (12)]
  6087 | Bailey   | Slain by a gnoll sergeant

Illustrated notes

Levels and vault maps discovered:
D:1:      dpeg_arrival_oval, layout_loops_ring,
          hellmonk_ecumenical_altar_inner_sanctum,
          chequers_serial_rivers_room_a, amcnicky_mini_pool_small,
          corexii_hall_statues_l, chequers_decorated_corner
D:2:      layout_rooms, basic_altar, serial_shops, nicolae_shop_trees,
          nicolae_shop_crystal
D:3:      layout_basic, serial_undead, serial_undead_c, serial_undead_f,
          serial_undead_e, serial_undead_f
D:4:      layout_cave_pools, serial_bayou_pond_d
D:5:      minmay_thinvault, layout_layer_cave
D:6:      layout_basic, temple_green, uniq_maggie, uniq_menkaure
D:8:      layout_layer_cave, nicolae_wu_jian_wuxing_cycle, dpeg_oklobed_lair,
          enter_bailey_3
D:9:      layout_loops_ring
Bailey:   bailey_polearm_gnolls_kennysheep, bailey

Skill      XL: |  1  2  3  4  5  6  7  8  9 |
---------------+----------------------------+-----
Axes           | 2 3 4 5 6 7 8 |  8.8
Dodging        | 1 2 3 |  3.1
Fighting       | 4 5 6 7 |  7.2
Armour         | 3 4 5 |  5.6
Shields        | |  2.6

Action                   |  1- 3 |  4- 6 |  7- 9 || total
-------------------------+-------+-------+-------++-------
Melee: War axe           |    80 |    92 |   267 ||   439
       Kick              |       |    24 |    97 ||   121
Throw: Throwing net      |       |       |     2 ||     2
  Use: Scroll            |     7 |     3 |     4 ||    14
       Potion            |       |     1 |     5 ||     6
Armor: Scale mail        |     6 |       |       ||     6
       Fire dragon scale |    34 |    47 |   107 ||   188
Dodge: Dodged            |    23 |    33 |   160 ||   216
Block: Kite shield       |    49 |    50 |   247 ||   346

Table legend: (Time is in decaauts)
 A = Elapsed time spent in this place.
 B = Non-inter-level travel time spent in this place.
 C = Inter-level travel time spent in this place.
 D = Time resting spent in this place.
 E = Time spent auto-exploring this place.
 F = Levels seen in this place.
 G = Mean time per level.
                   A        B        C        D        E       F      G
               +--------+--------+--------+--------+--------+-----+--------+
         Total |   6298 |   6183 |    115 |   1437 |   3506 |   9 |  699.8 |
       Dungeon |   5594 |   5479 |    115 |   1262 |   3366 |   8 |  699.2 |
        Bailey |    703 |    703 |      0 |    175 |    140 |   1 |  703.0 |
               +--------+--------+--------+--------+--------+-----+--------+

Top non-repeatable levels by time:
     D:5: 1229 daAuts
     D:1: 1173 daAuts
     D:4: 1086 daAuts
  Bailey: 703 daAuts
     D:2: 677 daAuts
     D:3: 610 daAuts
     D:6: 585 daAuts
     D:8: 228 daAuts
     D:9: 3 daAuts
